 Dungeon Crawl Stone Soup version 0.30.0-19-g36f170ea60 (webtiles) character file.

Game seed: 13755886864704794108

1164 monsoonserge the Insei (level 8, 0/55 HPs)
             Began as an Octopode Transmuter on June 1, 2023.
             Slain by an orc warrior
             ... wielding a +0 battleaxe
              (23 damage)
             ... on level 6 of the Dungeon.
             The game lasted 00:16:15 (4547 turns).

monsoonserge the Insei (Octopode Transmuter)        Turns: 4547, Time: 00:16:15

Health: 0/55       AC:  2    Str:  9    XL:     8   Next: 40%
Magic:  19/22      EV: 21    Int: 18    God:
Gold:   290        SH:  0    Dex: 17    Spells: 3/13 levels left

rFire   . .          .
                       - Unarmed
rCold   . . .        (shield currently unavailable)
rNeg    + . .        (helmet currently unavailable)
rPois   x            h - amulet of faith
rElec   .            l - ring of positive energy
rCorr   .            p - ring of magical power
SInv    .            (no ring)
Will    .....        (no ring)
Stlth   ++           (no ring)
HPRegen 0.29/turn    (no ring)
MPRegen 0.18/turn    (no ring)
                     (no ring)

%: faith
@: spider-form
A: venomous fangs, almost no armour, (amphibious), 8 rings, tiny, (camouflage
1), (gelatinous body 1), (nimble swimmer 1), (tentacles), robust 1, (shaggy fur
1)
a: End Transformation


You were on level 6 of the Dungeon.
You were a venomous arachnid creature.
You visited 1 branch of the dungeon, and saw 6 of its levels.
You also visited: Sewer.

You collected 290 gold pieces.

Inventory:

Missiles
 a - 2 curare-tipped darts
 c - 15 poisoned darts (quivered)
 o - 4 atropa-tipped darts
Jewellery
 b - a ring of ice
 h - an amulet of faith (around neck)
 l - a ring of positive energy (left front pincers)
 p - a ring of magical power (right front pincers)
Scrolls
 e - 5 scrolls of teleportation {unknown}
 f - a scroll of magic mapping {unknown}
 g - a scroll of torment {unknown}
 i - 4 scrolls of enchant armour {unknown}
 k - 4 scrolls of identify {unknown}
 n - 2 scrolls of noise {unknown}
 r - a scroll of fear {unknown}
 t - a scroll of enchant weapon {unknown}
 u - a scroll of vulnerability {unknown}
Potions
 d - a potion of heal wounds
 j - 2 potions of mutation
 m - 3 potions of flight
 q - a potion of brilliance {unknown}
 s - 2 potions of curing


   Skills:
 + Level 1.9 Fighting
 + Level 0.3 Throwing
 + Level 3.7 Dodging
 + Level 2.9 Stealth
 * Level 7.3 Unarmed Combat
 + Level 3.3 Spellcasting
 * Level 4.2 Transmutations
 - Level 2.0 Ice Magic
 - Level 1.0 Poison Magic


You had 3 spell levels left.
You knew the following spells:

 Your Spells              Type           Power      Damage    Failure   Level
a - Beastly Appendage     Tmut           36%        N/A       10%         1
b - Wereblood             Tmut           18%        N/A       13%         2
c - Spider Form           Tmut/Pois      12%        N/A       34%         3
d - Ice Form              Ice/Tmut       14%        N/A       63%         4

Your spell library contained the following spells:

 Spells                   Type           Power      Damage    Failure   Level


Dungeon Overview and Level Annotations

Branches:
Dungeon (6/15)              Sewer (visited)
 Temple: D:4-7

Altars:
Dithmenos
Okawaru
Trog
Vehumet
Wu Jian

Shops:
D:1 (   D:3 (

Annotations:
D:5 Grinder


Innate Abilities, Weirdness & Mutations

You are a venomous arachnid creature.
You have venomous fangs.
You are tiny and dextrous.
Your spellcasting is less reliable in this form.
Your armour is entirely melded.
You are incapable of wielding weapons or throwing items.
You cannot wear most types of armour.
((You are amphibious.))
You can wear up to eight rings at the same time.
((Your skin changes colour to match your surroundings (Stealth+).))
((Your rubbery body absorbs attacks. (AC +1, EV +1)))
((You are camouflaged when in or above water. (Stealth+)))
((You have tentacles for arms and can constrict up to eight enemies at once.))
You are robust. (+10% HP)
((You are covered in fur. (AC +1)))


Message History

You tentacle-slap the orc warrior but do no damage.
You constrict the orc warrior.
The orc warrior hits you with a +0 battleaxe!!
The iguana bites you!
You tentacle-slap the orc warrior.
You pierce the orc warrior, but do no damage.
The orc warrior is moderately wounded.
You constrict the orc warrior, but do no damage.
You tentacle-slap the orc warrior but do no damage.
You pierce the orc warrior, but do no damage.
The orc warrior is moderately wounded.
You constrict the orc warrior, but do no damage.
The orc warrior hits you with a +0 battleaxe!
* * * LOW HITPOINT WARNING * * *
The iguana bites you!
* * * LOW HITPOINT WARNING * * *
You feel much better.
You constrict the orc warrior, but do no damage.
The orc warrior closely misses you. The iguana closely misses you.
Casting: Beastly Appendage (safe; 2% risk of failure)
Confirm with . or Enter, or press ? or * to list all spells.
Your tentacle spike disappears.
You turn into a venomous arachnid creature.
You lose your grip on the orc warrior.
The orc warrior closely misses you. The iguana misses you.
You hit the orc warrior.
The orc warrior is poisoned.
The orc warrior is moderately wounded.
The orc warrior misses you. The iguana completely misses you.
You hit the orc warrior.
The orc warrior looks as sick as possible!
The orc warrior is heavily wounded.
The orc warrior barely misses you. The iguana barely misses you.
You hit the iguana.
The iguana is lightly wounded.
The orc warrior hits you with a +0 battleaxe!
The iguana completely misses you.
You hit the iguana but do no damage.
The iguana is poisoned.
The iguana is lightly wounded.
The orc warrior hits you with a +0 battleaxe!!
You die...

## ######.#
..##....o.#
......[sl#
...#######


You could see an orc warrior (extremely poisoned) and an iguana (very poisoned).

Vanquished Creatures
  Sigmund (D:4)
  Edmund (D:5)
  A black bear (D:5)
  A phantom (D:5)
  2 kobold brigands (Sewer)
  2 scorpions (D:4)
  2 jellies
  2 hounds
  Jessica (D:2)
  2 iguanas
  Natasha (thrice) (D:2)
  An orc wizard (D:6)
  3 gnolls (D:5)
  7 adders
  A river rat (Sewer)
  A worm (D:2)
  An orc (D:5)
  9 ball pythons
  6 bats
  11 endoplasms
  7 giant cockroaches
  2 goblins
  6 hobgoblins
  3 jackals (Sewer)
  11 kobolds
  2 quokkas (D:1)
  4 frilled lizards
  8 rats
101 creatures vanquished.

Notes
Turn   | Place    | Note
-------+----------+-------------------------------------------
     0 | D:1      | monsoonserge the Octopode Transmuter began the quest for
                  | the Orb.
     0 | D:1      | Reached XP level 1. HP: 13/13 MP: 3/3
    76 | D:1      | Reached XP level 2. HP: 13/18 MP: 3/5
   121 | D:1      | Learned a level 2 spell: Wereblood
   324 | D:1      | Reached XP level 3. HP: 21/23 MP: 4/6
   328 | D:1      | Learned a level 3 spell: Spider Form
   398 | D:1      | Found a faded altar of an unknown god.
   400 | D:1      | Found Kittat's Antique Weapon Boutique.
   766 | D:2      | Noticed Jessica
   770 | D:2      | Killed Jessica
   771 | D:2      | Reached XP level 4. HP: 28/28 MP: 5/7
   867 | D:2      | Noticed Natasha
   878 | D:2      | Killed Natasha
   879 | D:2      | Reached skill level 1 in Stealth
   879 | D:2      | Reached skill level 4 in Unarmed Combat
   966 | D:2      | Reached skill level 1 in Poison Magic
  1394 | D:2      | Noticed Natasha
  1408 | D:2      | Killed Natasha
  1409 | D:2      | Reached XP level 5. HP: 23/33 MP: 6/9
  1597 | D:2      | Noticed Natasha
  1610 | D:2      | Killed Natasha
  1899 | D:3      | Found a shadowy altar of Dithmenos.
  2085 | D:3      | Found Anis's Weapon Emporium.
  2388 | D:4      | Found a glowing drain.
  2401 | Sewer    | Entered a sewer
  2463 | Sewer    | Noticed a kobold brigand
  2472 | Sewer    | Noticed a kobold brigand
  2480 | Sewer    | HP: 2/49 [kobold brigand/+0 club (4)]
  2483 | Sewer    | Gained mutation: You are robust. (+10% HP) [potion of
                  | mutation]
  2483 | Sewer    | Gained mutation: You are covered in fur. (AC +1) [potion of
                  | mutation]
  2494 | Sewer    | Killed a kobold brigand
  2495 | Sewer    | Reached skill level 5 in Unarmed Combat
  2495 | Sewer    | Reached XP level 6. HP: 22/41 MP: 10/10
  2639 | Sewer    | Found a white marble altar of Elyvilon.
  2705 | D:4      | Found an iron altar of Okawaru.
  2900 | D:4      | Found a bloodstained altar of Trog.
  2918 | D:4      | Reached XP level 7. HP: 44/47 MP: 9/11
  2964 | D:4      | Learned a level 4 spell: Ice Form
  3082 | D:4      | Noticed Sigmund
  3091 | D:4      | Killed Sigmund
  3092 | D:4      | Reached skill level 6 in Unarmed Combat
  3141 | D:4      | Reached skill level 1 in Ice Magic
  3467 | D:5      | Entered Level 5 of the Dungeon
  3543 | D:5      | Reached XP level 8. HP: 45/53 MP: 12/12
  3715 | D:5      | Noticed Grinder
  3850 | D:5      | Reached skill level 7 in Unarmed Combat
  4030 | D:5      | Identified the +2 falchion of Tender Mercy {freeze, rN+
                  | Str-5 Int+2 SInv}
  4036 | D:5      | Found a radiant altar of Vehumet.
  4036 | D:5      | Found an ornate altar of the Wu Jian Council.
  4190 | D:5      | Noticed Edmund
  4206 | D:5      | Killed Edmund
  4547 | D:6      | Slain by an orc warrior

Illustrated notes

Levels and vault maps discovered:
D:1:      dpeg_arrival_arbitrary_a, layout_loops_ring,
          dreamdust_ecumenical_altar_grove, serial_shops,
          nicolae_shop_tiny_statue_garden, serial_bayou_lagoon_b
D:2:      layout_basic, minmay_split_cup_small, uniq_natasha, uniq_jessica
D:3:      layout_loops_ring, mainiacjoe_overflow_alcove_1, serial_shops, shop
D:4:      layout_rooms, mainiacjoe_overflow_tiny_flanked,
          mainiacjoe_overflow_concentric_impassable, portal_sewer_entry_f,
          minmay_misc_feat_nine_boxes, uniq_sigmund
D:5:      layout_basic, gammafunk_temple_overflow_wave, kennysheep_small_circle,
          uniq_edmund, uniq_grinder
D:6:      layout_cave_pods, lemuel_temple_firewalk_b, serial_shops, shop,
          kennysheep_mini_moat, bh_walls_and_bars, uniq_crazy_yiuf_cottage

Skill      XL: |  1  2  3  4  5  6  7  8 |
---------------+-------------------------+-----
Stealth        | 1 2 |  2.9
Unarmed Combat | 4 5 6 7 |  7.3
Poison Magic   | 1 |  1.0
Spellcasting   | 3 |  3.3
Transmutations | 3 4 |  4.2
Dodging        | 3 |  3.7
Ice Magic      | 1 2 |  2.0
Fighting       | |  1.9
Throwing       | |  0.3

Action                     |  1- 3 |  4- 6 |  7- 9 || total
---------------------------+-------+-------+-------++-------
  Melee: Unarmed           |    58 |   118 |    93 ||   269
         Constrict         |    20 |    20 |     9 ||    49
         Kick              |    14 |    25 |    25 ||    64
         Tentacles         |    15 |    14 |    18 ||    47
         Punch             |     3 |     5 |     4 ||    12
  Throw: Dart              |       |     3 |     2 ||     5
   Cast: Beastly Appendage |    20 |    20 |    13 ||    53
         Spider Form       |       |     2 |     4 ||     6
    Use: Potion            |       |     8 |     1 ||     9
   Stab: Sleeping          |     7 |    10 |     4 ||    21
 Armour: Skin              |     5 |    80 |     9 ||    94
  Dodge: Dodged            |    26 |    81 |    65 ||   172
